AoeStats
← ELWARD

Oasis

507357524Analyzed
4v4 RM · 14d ago on Sep 17, 2026· 11m 7s· 8 players
Game mode
Random Map
Map size
Large (8 player)
Population
200
Speed
Normal
Resources
Standard
Victory
Conquest
Starting age
Dark Age
Ending age
Imperial Age
RankedLock teamsTeams togetherTeam positionsShared explorationLock speedFull tech treeHidden civsTurbo modeCheats
Victory
Defeat
🇨🇴 Burgundians · Colombia
1092
+15
🇨🇱 Celts · Chile
1082
+16
🇦🇷 Britons · Argentina
1078
+16
🇵🇪 Chinese · Peru
1076
+16
🇨🇦 Turks · Canada
1094
-16
🇺🇸 Byzantines · United States
1039
-14
🇫🇮 Huns · Finland
1037
-14
Irianas
7:14 Loom
ELWARD
0:29 Loom
12:46 Feudal Age
HexPerk
0:30 Loom
9:08 Feudal Age
Nichelson3360
8:03 Loom
Bandit
5:02 Loom
vegeta361287249
0:31 Loom
WihtoriKosola
我想给自己改个简单又不重复的名字
Connection lost

Rejoining the realm…

Still unreachable

The connection could not be restored.

Session expired

The server has moved on; the page needs a fresh start.